 Dungeon Crawl Stone Soup version 0.31-a0-108-gdf935468f2 (webtiles) character file.

Game seed: 4963964497314491060

854 Jeffwins the Shooter (level 8, -3/40 HPs)
             Began as a Vine Stalker Wanderer on May 28, 2023.
             Slain by a scorpion (5 damage)
             ... on level 5 of the Dungeon.
             The game lasted 00:07:34 (5460 turns).

Jeffwins the Shooter (Vine Stalker Wanderer)        Turns: 5460, Time: 00:07:35

Health: -3/40      AC:  5    Str: 17    XL:     8   Next: 1%
Magic:  0/13       EV: 11    Int: 12    God:
Gold:   113        SH:  0    Dex: 14    Spells: 9/13 levels left

rFire   . . .        a - +0 sling
rCold   . . .        (no shield)
rNeg    . . .        d - +0 leather armour
rPois   .            (no helmet)
rElec   .            i - +0 cloak
rCorr   .            y - +0 pair of gloves
SInv    .            (no boots)
Will    +....        r - amulet of the acrobat
Stlth   ++           (no ring)
HPRegen 1.06/turn    (no ring)
MPRegen 0.13/turn

%: acrobat, guardian spirit
@: lethally poisoned (-3 -> -14)
A: fangs 3, regeneration 1, magic shield, antimagic bite, no potion heal 2
a: no special abilities


You were on level 5 of the Dungeon.
You visited 1 branch of the dungeon, and saw 5 of its levels.
You also visited: Sewer.

You collected 299 gold pieces.
You spent 186 gold pieces at shops.


Innate Abilities, Weirdness & Mutations

You have razor-sharp teeth.
Your natural rate of healing is unusually fast.
When hurt, damage is shared between your health and your magic reserves.
Your bite disrupts and absorbs the magic of your enemies.
Potions cannot restore your health.


   Skills:
 + Level 3.0 Fighting
 * Level 4.9 Ranged Weapons
 + Level 3.8 Stealth
 + Level 3.1 Spellcasting
 * Level 2.9 Conjurations
 * Level 4.4 Earth Magic
 + Level 2.6 Evocations


You had 9 spell levels left.
You knew the following spells:

 Your Spells              Type           Power      Damage    Failure   Level
x - Stone Arrow           Conj/Erth      20%        3d8       21%         3
z - Sandblast             Erth           24%        2d8       4%          1

Your spell library contained the following spells:

 Spells                   Type           Power      Damage    Failure   Level
 Passwall                 Tmut/Erth      5%         N/A       19%         2
 Slow                     Hex            4%         N/A       30%         1
 Lesser Beckoning         Tloc           2%         N/A       41%         2
 Confusing Touch          Hex            1%         N/A       65%         3
 Gell's Gravitas          Tloc           1%         N/A       65%         3
 Teleport Other           Tloc           1%         N/A       65%         3
 Vampiric Draining        Necr           1%         2d6       65%         3
 Animate Armour           Summ/Erth      14%        N/A       77%         4
 Petrify                  Tmut/Erth      7%         N/A       77%         4
 Fulminant Prism          Conj/Hex       2%         3d5       86%         4
 Simulacrum               Ice/Necr       0%         N/A       100%        6
 Enfeeble                 Hex            0%         N/A       100%        7
 Lehudib's Crystal Spear  Conj/Erth      5%         10d3      100%        8

Inventory:

Hand Weapons
 a - a +0 sling (weapon)
 u - a +4 scythe of pain
Missiles
 w - a poisoned dart (quivered)
Armour
 d - a +0 leather armour (worn)
 i - a +0 cloak (worn)
 y - a +0 pair of gloves (worn)
Jewellery
 r - an amulet of the acrobat (around neck)
Wands
 b - a wand of flame (1)
 x - a wand of iceblast (10)
Scrolls
 c - a scroll of blinking
 f - 4 scrolls of poison {!r}
 g - a scroll of amnesia
 j - 2 scrolls of vulnerability {!r}
 k - a scroll of identify {@r1}
 l - 2 scrolls of magic mapping
 m - 4 scrolls of teleportation {@r4}
 p - 2 scrolls of summoning
 q - 4 scrolls of fog
Potions
 e - 3 potions of heal wounds {unknown}
 h - a potion of lignification {unknown}
 n - a potion of mutation {unknown}
 o - 3 potions of curing {@q1}
 s - a potion of might
 t - a potion of resistance {unknown}
 v - a potion of magic {unknown}

Dungeon Overview and Level Annotations

Branches:
Dungeon (5/15)              Sewer (visited)
 Temple: D:4-7

Altars:

Shops:
D:4 ? D:5

! #......#...#.......
#.. .......'...#.......
#.. .......#...'.......
#(...#######...#....#'#
#... #.........#....#..
#....#.........#....#..
#....#.........#....#..
#....s.........#....+..
#@........#....#..
#..####.###....###
#####..######.........
#...........'.........
#...........#.........
#...........#.........
#......############...
#......##...# #...
#......#....# #...


You could see a scorpion (poisoned).


Message History

You are more poisoned.
The scorpion poisons you!
Throw: 4 darts (poison)
Press: ? - help, Q - select action, (/) - cycle Shift-Dir - straight line, f/p - scorpion
Aim: a scorpion (heavily wounded, 59% to hit)
You throw a poisoned dart. The poisoned dart hits the scorpion.
The scorpion is poisoned.
The scorpion is heavily wounded.
* * * LOW HITPOINT WARNING * * *
You feel very sick.
The scorpion stings you but does no damage.
Throw: 3 darts (poison)
Press: ? - help, Q - select action, (/) - cycle Shift-Dir - straight line, f/p - scorpion
Aim: a scorpion (heavily wounded, poisoned, 59% to hit)
You throw a poisoned dart.
The poisoned dart barely misses the scorpion.
You feel very sick. The scorpion stings you.
* * * LOW HITPOINT WARNING * * *
Throw: 2 darts (poison)
Press: ? - help, Q - select action, (/) - cycle Shift-Dir - straight line, f/p - scorpion
Aim: a scorpion (severely wounded, poisoned, 59% to hit)
You throw a poisoned dart.
The poisoned dart closely misses the scorpion.
* * * LOW HITPOINT WARNING * * *
You feel very sick. The scorpion stings you.
You are more poisoned.
The scorpion poisons you! The scorpion stings you.
You die...

Skill      XL: |  1  2  3  4  5  6  7 |
---------------+----------------------+-----
Ranged Weapons | 3 4 |  4.9
Stealth        | 1 2 3 |  3.8
Fighting       | 2 3 |  3.0
Evocations     | 2 |  2.6
Conjurations   | 1 2 |  2.9
Earth Magic    | 4 |  4.4
Spellcasting   | 3 |  3.1

Action                     |  1- 3 |  4- 6 |  7- 9 || total
---------------------------+-------+-------+-------++-------
  Melee: Halberd           |       |       |    10 ||    10
         Bite              |       |       |     2 ||     2
   Fire: Sling             |   109 |   171 |    90 ||   370
  Throw: Dart              |       |       |     7 ||     7
   Cast: Sandblast         |     6 |    26 |    61 ||    93
  Evoke: Wand              |     1 |     1 |     6 ||     8
    Use: Scroll            |       |     1 |     5 ||     6
         Potion            |       |       |     2 ||     2
 Armour: Leather armour    |    26 |    40 |    13 ||    79
  Dodge: Dodged            |    37 |    76 |    61 ||   174

Levels and vault maps discovered:
D:1:      ncdulo_watergridlock, layout_loops_corners,
          hellmonk_ecumenical_altar_pennies_from_heaven, nicolae_grassy_gnolls
D:2:      layout_loops_ring, uniq_jessica
D:3:      layout_loops_ring, portal_sewer_entry_f, nrook_loot_triangle,
          minmay_checkerbox, uniq_crazy_yiuf_cottage, uniq_sigmund
D:4:      layout_loops_ring, serial_shops, nicolae_shop_just_a_little_nook
D:5:      layout_gridville, gammafunk_temple_overflow_pools, serial_shops,
          nicolae_shop_industrial_runoff

Notes
Turn   | Place    | Note
-------+----------+-------------------------------------------
     0 | D:1      | Jeffwins the Vine Stalker Wanderer began the quest for the
                  | Orb.
     0 | D:1      | Jeffwins set off with the following items: a +0 sling, a
                  | wand of flame (7), a scroll of blinking, a +0 leather
                  | armour; and the following spell memorised: Sandblast; and
                  | the following spells available to memorise: Passwall,
                  | Petrify.
     0 | D:1      | Reached XP level 1. HP: 10/10 MP: 4/4
   173 | D:1      | Found a faded altar of an unknown god.
   288 | D:1      | Reached XP level 2. HP: 14/14 MP: 6/6
   316 | D:1      | Reached skill level 3 in Ranged Weapons
   324 | D:1      | Reached skill level 1 in Stealth
   555 | D:1      | Reached XP level 3. HP: 18/18 MP: 7/7
  1272 | D:2      | Noticed Jessica
  1284 | D:2      | Killed Jessica
  1285 | D:2      | Reached skill level 2 in Stealth
  1285 | D:2      | Gained mutation: Your natural rate of healing is unusually
                  | fast. [Vine Stalker growth]
  1285 | D:2      | Reached XP level 4. HP: 4/23 MP: 1/8
  1869 | D:3      | Found a glowing drain.
  1918 | Sewer    | Entered a sewer
  1956 | Sewer    | Reached skill level 2 in Fighting
  1956 | Sewer    | Reached XP level 5. HP: 26/26 MP: 9/9
  2086 | D:3      | Got Roun Adgh's Incunabulum of Frigid Fascination
  2335 | D:3      | Learned a level 3 spell: Stone Arrow
  2341 | D:3      | Noticed Sigmund
  2350 | D:3      | Reached skill level 2 in Evocations
  2355 | D:3      | HP: 2/26 [something (1)]
  2377 | D:3      | Killed Sigmund
  2378 | D:3      | Reached skill level 4 in Ranged Weapons
  2378 | D:3      | Reached skill level 3 in Stealth
  2378 | D:3      | Reached skill level 1 in Conjurations
  2378 | D:3      | Reached XP level 6. HP: 21/32 MP: 0/10
  3025 | D:3      | Found a runed translucent door.
  3026 | D:3      | Noticed Crazy Yiuf
  3194 | D:3      | Killed Crazy Yiuf
  3195 | D:3      | Reached XP level 7. HP: 12/35 MP: 1/11
  3573 | D:4      | Reached skill level 2 in Conjurations
  3726 | D:4      | HP: 2/35 [iguana (10)]
  3960 | D:4      | Found Puuguap's Magic Scroll Emporium.
  3982 | D:4      | Bought a scroll of identify for 24 gold pieces
  3982 | D:4      | Bought a scroll of identify for 24 gold pieces
  3982 | D:4      | Bought a scroll of identify for 24 gold pieces
  3982 | D:4      | Bought a scroll of summoning for 114 gold pieces
  4319 | D:5      | Entered Level 5 of the Dungeon
  4415 | D:5      | Reached skill level 4 in Earth Magic
  4660 | D:5      | Reached skill level 3 in Spellcasting
  4927 | D:5      | Found Corigut's Distillery.
  5149 | D:4      | Reached skill level 3 in Fighting
  5328 | D:5      | Gained mutation: You have razor-sharp teeth. [Vine Stalker
                  | growth]
  5328 | D:5      | Reached XP level 8. HP: 21/40 MP: 1/13
  5459 | D:5      | HP: 4/40 [scorpion (3)]
  5460 | D:5      | Slain by a scorpion

Vanquished Creatures
  Sigmund (D:3)
  2 phantoms
  2 scorpions (D:5)
  A jelly (D:5)
  A gnoll bouda (D:4)
  Crazy Yiuf (D:3)
  Jessica (D:2)
  2 iguanas
  A hell rat (Sewer)
  8 adders
  8 gnolls
  3 worms
  3 dart slugs
  5 orcs
  6 bats
  6 endoplasms
  4 giant cockroaches
  7 hobgoblins
  3 jackals (D:1)
  8 kobolds
  6 quokkas
  2 ball pythons
  4 frilled lizards
  7 goblins
  14 rats
106 creatures vanquished.

Table legend: (Time is in decaauts)
 A = Elapsed time spent in this place.
 B = Non-inter-level travel time spent in this place.
 C = Inter-level travel time spent in this place.
 D = Time resting spent in this place.
 E = Time spent auto-exploring this place.
 F = Levels seen in this place.
 G = Mean time per level.
                   A        B        C        D        E       F      G
               +--------+--------+--------+--------+--------+-----+--------+
         Total |   5622 |   5499 |    123 |    136 |   4307 |   6 |  937.0 |
       Dungeon |   5535 |   5412 |    123 |    136 |   4256 |   5 | 1107.0 |
         Sewer |     87 |     87 |      0 |      0 |     51 |   1 |   87.0 |
               +--------+--------+--------+--------+--------+-----+--------+

Top non-repeatable levels by time:
     D:3: 1635 daAuts
     D:1: 1058 daAuts
     D:5: 1044 daAuts
     D:4: 969 daAuts
     D:2: 827 daAuts
   Sewer: 87 daAuts

Table legend:
 A = Non-vault XP
 B = Vault XP
 C = Vault XP percentage of total XP
 D = Non-vault monster count
 E = Vault monster count
 F = Vault count percentage of total count
                 A         B        C        D         E       F
            +---------+---------+-------+---------+---------+-------
      Total |     855 |     366 |  30.0 |      86 |      20 |  18.9
            +---------+---------+-------+---------+---------+-------
        D:1 |      54 |      13 |  19.4 |      25 |       1 |   3.8
        D:2 |      17 |      37 |  68.5 |       9 |       1 |  10.0
        D:3 |     199 |     278 |  58.3 |      22 |      11 |  33.3
        D:4 |     184 |       0 |   0.0 |      16 |       0 |   0.0
        D:5 |     401 |       0 |   0.0 |      14 |       0 |   0.0
      Sewer |       0 |      38 | 100.0 |       0 |       7 | 100.0
            +---------+---------+-------+---------+---------+-------
